 Dungeon Crawl Stone Soup version 0.22-b1-26-g9dbaab1112 (webtiles) character file.

2274 IceCat the Basher (level 9, -3/54 HPs)
             Began as a Gargoyle Fighter on Aug 9, 2018.
             Was a Priest of Okawaru.
             Incinerated by a deep elf mage (7 damage)
             ... with a sticky flame
             ... on level 7 of the Dungeon.
             The game lasted 00:16:18 (7018 turns).

IceCat the Basher (Gargoyle Fighter)                Turns: 7018, Time: 00:16:19

Health: -3/54      AC: 19    Str: 23    XL:     9   Next: 39%
Magic:  12/12      EV:  6    Int:  9    God:    Okawaru [***...]
Gold:   387        SH: 10    Dex:  9    Spells: 8/8 levels left

rFire    . . .     SeeInvis .   a - +0 flail
rCold    . . .     Gourm    .   c - +0 shield
rNeg     + . .     Faith    .   o - +0 chain mail
rPois    ∞         Spirit   .   s - +1 helmet
rElec    +         Reflect  .   (no cloak)
rCorr    .         Harm     +   (no gloves)
MR       .....                  u - +0 pair of boots
Stlth    ..........             i - amulet of harm
HPRegen  0.18/turn              (no ring)
MPRegen  0.13/turn              (no ring)

@: liquid flames, glowing
A: negative energy resistance 1, electricity resistance, unbreathing,
petrification resistance, rot immunity, AC +6
a: Heroism, Renounce Religion


You were on level 7 of the Dungeon.
You worshipped Okawaru.
Okawaru was most pleased with you.
You were hungry.

You visited 1 branch of the dungeon, and saw 7 of its levels.
You also visited: Bailey.

You collected 387 gold pieces.

Inventory:

Hand Weapons
 a - a +0 flail (weapon)
Armour
 b - a +0 scale mail
 c - a +0 shield (worn)
 o - a +0 chain mail (worn)
 s - a +1 helmet (worn)
 u - a +0 pair of boots (worn)
Jewellery
 i - an amulet of harm (around neck)
 v - an uncursed ring of resist corrosion {unknown}
 C - an uncursed amulet of faith {unknown}
Wands
 q - a wand of acid (9)
Scrolls
 e - a scroll of teleportation {unknown}
 g - 5 scrolls of remove curse {unknown}
 j - 6 scrolls of identify {unknown}
 k - a scroll of enchant armour {unknown}
 n - a scroll of fear
 r - a scroll of amnesia
 t - a scroll of immolation {unknown}
 x - a scroll of blinking {unknown}
 y - a scroll of magic mapping {unknown}
Potions
 d - 2 potions of might
 h - 2 potions of degeneration {unknown}
 l - a potion of mutation {unknown}
 m - a potion of curing {unknown}
 p - 2 potions of brilliance {unknown}
 w - 2 potions of flight {unknown}
 z - a potion of heal wounds
 B - a potion of lignification {unknown}
Comestibles
 f - 13 rations


   Skills:
 + Level 5.1 Fighting
 * Level 8.9 Maces & Flails
 + Level 5.2 Armour
 - Level 0.1 Dodging
 + Level 6.7 Shields
 * Level 4.5 Invocations


You had 8 spell levels left.
You didn't know any spells.
Your spell library contained the following spells:

 Spells                   Type           Power        Failure   Level  Hunger
 Ring of Flames           Chrm/Fire      #.........   100%        7    #######
 Swiftness                Chrm/Air       #.......     100%        2    ###....
 Spider Form              Tmut/Pois      #.........   100%        3    ####...
 Blade Hands              Tmut           #.........   100%        5    ######.
 Ice Form                 Ice/Tmut       #.......     100%        4    #####..
 Passwall                 Tmut/Erth      #.......     100%        2    ###....
 Sticks to Snakes         Tmut           #.......     100%        2    ###....
 Sandblast                Erth           #.....       100%        1    ##.....
 Beastly Appendage        Tmut           #.....       100%        1    ##.....
 Spectral Weapon          Hex/Chrm       #.......     100%        3    ####...


Dungeon Overview and Level Annotations

Branches:
Dungeon (7/15)             Temple (0/1) D:7

Altars:
Dithmenos
Fedhas
Hepliaklqana
Makhleb
Nemelex Xobeh
Okawaru
Vehumet
Wu Jian
Zin
The Shining One

Shops:
D:5 *


Innate Abilities, Weirdness & Mutations

You are resistant to torment.
Your stone body is resilient. (AC +6)
You are immune to poison.
You resist negative energy. (rN+)
You are resistant to electric shocks. (rElec)
You can survive without breathing.
You are immune to petrification.
You are immune to rotting.


Message History

2 deep elf magi come into view.
The deep elf mage shouts!
You hear a shout!
The deep elf mage casts a spell at you. The stone arrow hits you!
The deep elf mage casts a spell at you. The sticky flame hits you!
You are covered in liquid flames!
A deep elf mage comes into view. It is wielding a short sword.
There is an open door here.
You are covered in liquid flames!
You are covered in liquid flames!
The deep elf mage mumbles some strange words.
You are covered in liquid flames!
* * * LOW HITPOINT WARNING * * *
There is a gate leading back out of this place here.
You are covered in liquid flames!
* * * LOW HITPOINT WARNING * * *
Welcome back to the Dungeon!
You are covered in liquid flames!
You die...

...........#
...........#
≈≈≈.......# ..
#####≈.......# .
#...#≈.......# ##.
#.@.#≈.......# ##
#..≈#...#≈.......# ##.
#..≈##.##≈.).)...# #..
#..≈≈≈≈≈≈≈)))....#####.
#.........)####......#.
+...#.........+......#.
#...#.........#......#.
#.. ##..###...#......#.
#. #..# ####......#.


There were no monsters in sight!

Vanquished Creatures
  A deep elf mage (Bailey)
  Menkaure (D:4)
  2 ogres (D:5)
  A phantom (D:4)
  4 big kobolds (D:3)
  2 scorpions
  2 howler monkeys
  2 crimson imps
  A bullfrog zombie (D:7)
  A jelly (D:7)
  6 orc priests
  8 orc wizards
  4 worker ants
  Ijyb (D:5)
  An iguana (D:5)
  5 adders
  12 gnolls
  2 shadow imps
  An adder skeleton (D:6)
  2 worms
  2 dart slugs (D:1)
  A leopard gecko (D:2)
  32 orcs
  2 giant cockroaches (D:1)
  41 goblins
  26 hobgoblins
  5 jackals
  3 quokkas
  A ball python (D:3)
  6 bats
  10 frilled lizards
  7 kobolds
  14 rats
209 creatures vanquished.

Notes
Turn   | Place    | Note
-------+----------+-------------------------------------------
     0 | D:1      | IceCat the Gargoyle Fighter began the quest for the Orb.
     0 | D:1      | Reached XP level 1. HP: 14/14 MP: 1/1
   122 | D:1      | Reached XP level 2. HP: 13/19 MP: 2/2
   483 | D:1      | Reached XP level 3. HP: 24/24 MP: 3/3
  1077 | D:2      | Found a sparkling altar of Nemelex Xobeh.
  1386 | D:2      | Found an ornate altar of the Wu Jian Council.
  1713 | D:3      | Found a radiant altar of Vehumet.
  1735 | D:3      | Found a glowing golden altar of the Shining One.
  1773 | D:3      | Reached XP level 4. HP: 28/29 MP: 4/4
  1889 | D:3      | Reached skill level 3 in Maces & Flails
  1964 | D:3      | Found an iron altar of Okawaru.
  1972 | D:3      | Became a worshipper of Warmaster Okawaru
  2168 | D:3      | Reached XP level 5. HP: 26/33 MP: 5/5
  2367 | D:3      | Noticed a big kobold
  2367 | D:3      | Noticed a big kobold
  2375 | D:3      | Noticed a big kobold
  2379 | D:3      | Noticed a big kobold
  2394 | D:3      | Killed a big kobold
  2394 | D:3      | Reached * piety under Okawaru
  2394 | D:3      | Reached skill level 4 in Maces & Flails
  2394 | D:3      | Reached skill level 1 in Invocations
  2394 | D:3      | Reached XP level 6. HP: 33/38 MP: 6/6
  2420 | D:3      | Reached skill level 5 in Maces & Flails
  2444 | D:3      | Reached XP level 7. HP: 34/43 MP: 8/8
  2824 | D:3      | Reached skill level 5 in Shields
  2858 | D:3      | Found a blossoming altar of Fedhas.
  3247 | D:4      | Noticed Menkaure
  3260 | D:4      | Killed Menkaure
  3260 | D:4      | Reached ** piety under Okawaru
  3442 | D:4      | Reached skill level 6 in Maces & Flails
  3739 | D:4      | Reached XP level 8. HP: 43/48 MP: 10/10
  3756 | D:4      | Found a hazy altar of Hepliaklqana.
  3842 | D:4      | Found a burning altar of Makhleb.
  4004 | D:5      | Entered Level 5 of the Dungeon
  4191 | D:5      | HP: 2/48 [orc priest/divine providence (12)]
  4676 | D:5      | Found Roqorr's Assorted Antiques.
  4774 | D:5      | Noticed Ijyb
  4787 | D:5      | Reached skill level 7 in Maces & Flails
  4795 | D:5      | Killed Ijyb
  6161 | D:6      | Reached skill level 8 in Maces & Flails
  6520 | D:7      | Found a staircase to the Ecumenical Temple.
  6533 | D:7      | Reached XP level 9. HP: 53/53 MP: 10/12
  6545 | D:7      | Found a glowing silver altar of Zin.
  6562 | D:7      | Reached skill level 5 in Armour
  6639 | D:7      | Identified the Reference Book on Ashen Talismans
  6665 | D:7      | Found a shadowy altar of Dithmenos.
  6735 | D:7      | Reached skill level 5 in Fighting
  6741 | D:7      | Reached *** piety under Okawaru
  6870 | D:7      | Found a flagged portal.
  6879 | Bailey   | Entered a bailey
  6886 | Bailey   | Noticed a deep elf mage
  6906 | Bailey   | Killed a deep elf mage
  7012 | Bailey   | Noticed a deep elf mage
  7013 | Bailey   | Noticed a deep elf mage
  7013 | Bailey   | Noticed a deep elf mage
  7013 | Bailey   | Noticed a deep elf mage
  7018 | D:7      | Incinerated by a deep elf mage

Skill      XL: |  1  2  3  4  5  6  7  8  9 |
---------------+----------------------------+-----
Maces & Flails | 3 4 5 6 8 |  8.9
Shields        | 4 5 6 |  6.7
Invocations    | 1 2 4 |  4.5
Fighting       | 4 5 |  5.1
Armour         | 4 5 |  5.2
Dodging        | |  0.1

Action                   |  1- 3 |  4- 6 |  7- 9 || total
-------------------------+-------+-------+-------++-------
Melee: Flail             |   158 |   326 |   449 ||   933
Invok: Heroism           |       |       |     7 ||     7
  Use: Scroll            |       |       |     2 ||     2
       Potion            |       |       |     1 ||     1
  Eat: Chunk             |     2 |     4 |    15 ||    21
Armor: Scale mail        |    96 |    12 |       ||   108
       Chain mail        |       |   341 |   232 ||   573
Dodge: Dodged            |    43 |   126 |    84 ||   253
Block: Shield            |    85 |   281 |   248 ||   614
